 Dungeon Crawl Stone Soup version 0.16.1-7-g2c6721e (console) character file.

39 Monkaria the Slasher (level 3, -1/31 HPs)
             Began as a Minotaur Skald on Mar 29, 2015.
             Slain by a hobgoblin
             ... wielding a +0 club
              (2 damage)
             ... on level 2 of the Dungeon.
             The game lasted 00:02:02 (915 turns).

Monkaria the Slasher (Minotaur Skald)                Turns: 915, Time: 00:02:02

Health: -1/31      AC:  4    Str: 17    XL:     3   Next: 28%
Magic:  3/3        EV: 11    Int:  9    God:
Gold:   146        SH:  0    Dex:  9    Spells: 1 memorised, 3 levels left

rFire  . . .     SeeInvis +     a - +0 falchion
rCold  . . .     Clarity  .     b - +0 leather armour
rNeg   . . .     SustAb   .     (no shield)
rPois  .         Gourm    .     (helmet restricted)
rElec  .         Spirit   .     (no cloak)
rCorr  .         Warding  .     (no gloves)
rMut   .         Stasis   .     k - +0 pair of boots
MR     .....                    (no amulet)
Stlth  +.........               (no ring)
                                g - ring of see invisible

@: not resistant to hostile enchantments, very unstealthy
A: retaliatory headbutt, horns 2
a: no special abilities


You were on level 2 of the Dungeon.
You were not hungry.

You visited 1 branch of the dungeon, and saw 2 of its levels.

You collected 146 gold pieces.

Inventory:

Hand weapons
 a - a +0 falchion (weapon)
Armour
 b - a +0 leather armour (worn)
 k - a +0 pair of boots (worn)
Jewellery
 g - a ring of see invisible (left hand)
 o - an uncursed ring of fire
Scrolls
 e - a scroll of magic mapping {unknown}
 f - a scroll of teleportation {unknown}
 j - 2 scrolls of identify {unknown}
 m - a scroll of remove curse {unknown}
Potions
 i - a potion of curing
 l - a potion of mutation {unknown}
 n - a potion of ambrosia {unknown}
 p - a potion of invisibility {unknown}
 q - a potion of heal wounds {unknown}
Books
 c - a book of Battle

   Spells                             Type                      Level
   a - Infusion                       Charms                       1
   b - Shroud of Golubria             Charms/Translocation         2
   c - Song of Slaying                Charms                       2
   d - Spectral Weapon                Hexes/Charms                 3
   e - Regeneration                   Charms/Necromancy            3
Comestibles
 d - a bread ration
 h - a slice of pizza


   Skills:
 + Level 3.2 Fighting
 * Level 4.0 Long Blades
 - Level 1.2 Armour
 - Level 1.1 Dodging
 - Level 1.3 Spellcasting
 - Level 2.0 Charms


You had 3 spell levels left.
You knew the following spells:

 Your Spells              Type           Power        Failure   Level  Hunger
a - Infusion              Chrm           #.....       21%         1    ##.....


Dungeon Overview and Level Annotations

Branches:
Dungeon (2/15)

Altars:


Innate Abilities, Weirdness & Mutations

You reflexively headbutt those who attack you in melee.
You have a pair of horns on your head.


Message History

You headbutt the hobgoblin, but do no damage.
You barely miss the hobgoblin.
The hobgoblin hits you but does no damage.
You closely miss the hobgoblin. You hit the hobgoblin.
The hobgoblin is almost dead.
The hobgoblin hits you with a club.
* * * LOW HITPOINT WARNING * * *
You closely miss the hobgoblin.
The hobgoblin is almost dead.
The hobgoblin hits you with a club.
* * * LOW HITPOINT WARNING * * *
You closely miss the hobgoblin.
The hobgoblin is almost dead.
The hobgoblin hits you with a club.
* * * LOW HITPOINT WARNING * * *
You barely miss the hobgoblin.
The hobgoblin is almost dead.
The hobgoblin hits you with a club.
You die...

#.....######..#
.#.............#
....##+#..........#
......#.#(#.########
.......#.#(#.#
[.......#.#.#.#
..........#.#.#
.......#..#.#.#
...........#.#@#######
#..........#.#g#.....#
+............#g#.....#
...........##.#.....#
.S..######†##'#.....#
... #...........# .
#.).........#
#..........##
###..........#


You could see a hobgoblin and a goblin.

Vanquished Creatures
  An adder (D:2)
  A worm (D:2)
  A giant gecko (D:2)
  4 bats
  2 giant cockroaches (D:1)
  2 goblins (D:1)
  2 jackals (D:1)
  3 giant newts (D:1)
  4 kobolds (D:2)
  3 rats
23 creatures vanquished.

Notes
Turn   | Place    | Note
--------------------------------------------------------------
     0 | D:1      | Monkaria, the Minotaur Skald, began the quest for the Orb.
     0 | D:1      | Reached XP level 1. HP: 18/18 MP: 2/2
   254 | D:1      | Reached skill level 3 in Long Blades
   387 | D:1      | Reached XP level 2. HP: 13/25 MP: 2/2
   900 | D:2      | Reached skill level 4 in Long Blades
   900 | D:2      | Reached XP level 3. HP: 9/31 MP: 3/3
   914 | D:2      | HP: 1/31 [hobgoblin/club (3)]
   915 | D:2      | Slain by a hobgoblin

Action                   || total
-------------------------++-------
Melee: Falchion          ||    68
  Use: Potion            ||     1
